 Dungeon Crawl Stone Soup version 0.27-a0-686-gaed091b46b (webtiles) character file.

Game seed: 13985317518058524054

459 dolemite99 the Chopper (level 6, 0/47 HPs)
             Began as a Demonspawn Fighter on Mar 21, 2021.
             Killed by nerve-wracking pain
             ... invoked by an orc priest
              (1 damage)
             ... on level 4 of the Dungeon.
             The game lasted 00:02:33 (3254 turns).

dolemite99 the Chopper (Demonspawn Fighter)         Turns: 3254, Time: 00:02:34

Health: 0/47       AC: 12    Str: 18    XL:     6   Next: 78%
Magic:  6/6        EV:  4    Int: 10    God:
Gold:   89         SH:  8    Dex: 12    Spells: 5/5 levels left

rFire    + . .     SeeInvis .   a - +0 hand axe (flame)
rCold    . . .     Faith    .   c - +0 kite shield
rNeg     . . .     Spirit   .   j - +2 chain mail {rF+}
rPois    .         Reflect  .   (no helmet)
rElec    .         Harm     .   (no cloak)
rCorr    .         Rampage  .   (no gloves)
Will     .....                  (no boots)
Stlth    ..........             (no amulet)
HPRegen  0.15/turn              (no ring)
MPRegen  0.10/turn              (no ring)

@: no status effects
A: hooves 1, icy blue scales 1, spiny 2
a: no special abilities


You were on level 4 of the Dungeon.
You visited 1 branch of the dungeon, and saw 3 of its levels.

You collected 89 gold pieces.

Inventory:

Hand Weapons
 a - a +0 hand axe of flaming (weapon)
 o - a +0 war axe
Missiles
 h - 48 stones (quivered)
 l - 20 bolts
 m - 4 silver javelins
Armour
 b - a +0 scale mail
 c - a +0 kite shield (worn)
 j - a +2 chain mail of fire resistance (worn)
Jewellery
 g - a ring of see invisible
Wands
 k - a wand of random effects (31)
Scrolls
 e - 3 scrolls of identify {unknown}
 i - a scroll of teleportation {unknown}
 n - a scroll of magic mapping {unknown}
Potions
 d - a potion of mutation {unknown}
 f - a potion of resistance {unknown}
 p - a potion of berserk rage {unknown}


   Skills:
 - Level 3.0 Fighting
 + Level 6.7 Axes
 - Level 2.6 Armour
 - Level 2.6 Shields


You had 5 spell levels left.
You didn't know any spells.
Your spell library was empty.

Dungeon Overview and Level Annotations

Branches:
Dungeon (2/15)

Altars:

Annotations:
D:4 1 runed translucent door, Crazy Yiuf


Innate Abilities, Weirdness & Mutations

You have large cloven feet.
You are partially covered in icy blue scales. (AC +2)
You are mostly covered in sharp spines.


Message History

Pain shoots through your body!
You closely miss the orc priest. Your kick misses the orc priest.
The orc priest is moderately wounded.
The orc priest hits you but does no damage.
You hit the orc. You burn the orc. Your kick misses the orc.
The orc is moderately wounded.
You block the orc's attack.
You hit the orc but do no damage. Your kick misses the orc.
The orc is moderately wounded.
The orc hits you with a +0 flail.
You closely miss the orc.
The orc is moderately wounded.
The orc is struck by your spines. The orc hits you with a +0 flail.
* * * LOW HITPOINT WARNING * * *
You closely miss the orc.
The orc is severely wounded.
The orc hits you with a +0 flail.
* * * LOW HITPOINT WARNING * * *
The orc priest looks satisfied for a moment.
You block the orc's attack.
Okay, then.
Your shield and chain mail prevent you from hitting the orc.
You kick the orc, but do no damage.
The orc is severely wounded.
You block the orc's attack.
You completely miss the orc. Your kick misses the orc.
The orc is severely wounded.
The orc hits you but does no damage.
You hit the orc. You burn the orc.
You kill the orc!
The orc priest invokes the aid of Beogh against you.
Beogh smites you!
* * * LOW HITPOINT WARNING * * *
You hit the orc but do no damage. Your kick misses the orc.
The orc is struck by your spines.
You kill the orc!
The orc priest casts a cantrip, but nothing happens.
The orc priest invokes the aid of Beogh against you.
Pain shoots through your body!
You die...

#. .....# # .. .. ..#.
#. #. (...... .### .#.
...#. ...# # ......
#.###.#.#
#.##.#.####.....#.##
#...o.=#.......##..##
#@# #..>....##..<#
####.# #.......##.#.#
#....# #.......##.#.#
#.#### #..........#..
#.# #.......######
####.#### #..........#.)
#.......# ####..####.#.#
#.##.##.######.....#.#.#
#.##........###.##.#...#


You could see an orc priest.

Vanquished Creatures
  Eustachio (D:4)
  An ogre (D:4)
  3 hounds (D:4)
  An orc priest (D:4)
  An orc wizard (D:4)
  3 adders
  An adder skeleton (D:4)
  A worm (D:2)
  A dart slug (D:1)
  2 leopard geckos
  5 orcs (D:4)
  2 ball pythons
  3 giant cockroaches
  2 goblins (D:1)
  2 hobgoblins (D:1)
  4 jackals (D:1)
  4 kobolds
  A quokka (D:1)
  A ball python skeleton (D:4)
  2 bats
  2 frilled lizards
  A jackal skeleton (D:4)
  A leopard gecko skeleton (D:4)
  A quokka skeleton (D:4)
  5 rats (D:1)
51 creatures vanquished.

Vanquished Creatures (others)
  An orc wizard (D:4)
1 creature vanquished.

Grand Total: 52 creatures vanquished

Notes
Turn   | Place    | Note
-------+----------+-------------------------------------------
     0 | D:1      | dolemite99 the Demonspawn Fighter began the quest for the
                  | Orb.
     0 | D:1      | Reached XP level 1. HP: 18/18 MP: 1/1
   238 | D:1      | Reached skill level 2 in Axes
   821 | D:1      | Gained mutation: You are partially covered in icy blue
                  | scales. (AC +2) [demonic ancestry]
   821 | D:1      | Reached XP level 2. HP: 20/24 MP: 2/2
  1340 | D:1      | Reached skill level 3 in Axes
  1590 | D:1      | Reached XP level 3. HP: 29/29 MP: 3/3
  2469 | D:2      | You fall into a shaft and drop 2 floors!
  2508 | D:4      | Found a runed translucent door.
  2509 | D:4      | Noticed Crazy Yiuf
  2539 | D:4      | Reached skill level 4 in Axes
  2539 | D:4      | Gained mutation: You are partially covered in sharp spines.
                  | [demonic ancestry]
  2539 | D:4      | Reached XP level 4. HP: 35/35 MP: 4/4
  2550 | D:4      | Noticed Eustachio
  2581 | D:4      | Killed Eustachio
  2582 | D:4      | Reached skill level 5 in Axes
  2582 | D:4      | Gained mutation: You have large cloven feet. [demonic
                  | ancestry]
  2582 | D:4      | Reached XP level 5. HP: 29/41 MP: 5/5
  2711 | D:4      | Gained mutation: You are mostly covered in sharp spines.
                  | [demonic ancestry]
  2711 | D:4      | Reached XP level 6. HP: 47/47 MP: 6/6
  2748 | D:4      | Reached skill level 6 in Axes
  3252 | D:4      | HP: 1/47 [orc priest/divine providence (10)]
  3254 | D:4      | Killed from afar by an orc priest

Illustrated notes

Levels and vault maps discovered:
D:1:      lemuel_arrival_broad_hall, layout_basic
D:2:      layout_rooms
D:4:      layout_loops_cross, uniq_crazy_yiuf_cottage, uniq_eustachio

Skill      XL: |  1  2  3  4  5  6 |
---------------+-------------------+-----
Axes           | 2 3 4 5 6 |  6.7
Fighting       | |  3.0
Armour         | |  2.6
Shields        | |  2.6

Action                   |  1- 3 |  4- 6 || total
-------------------------+-------+-------++-------
Melee: War axe           |   107 |    32 ||   139
       Kick              |       |     9 ||     9
       Hand axe          |       |    21 ||    21
Throw: Stone             |       |    15 ||    15
  Use: Potion            |       |     1 ||     1
Armor: Scale mail        |    63 |       ||    63
       Chain mail        |     7 |    29 ||    36
Dodge: Dodged            |    35 |     2 ||    37
Block: Kite shield       |    56 |    17 ||    73

Table legend: (Time is in decaauts)
 A = Elapsed time spent in this place.
 B = Non-inter-level travel time spent in this place.
 C = Inter-level travel time spent in this place.
 D = Time resting spent in this place.
 E = Time spent auto-exploring this place.
 F = Levels seen in this place.
 G = Mean time per level.
                   A        B        C        D        E       F      G
               +--------+--------+--------+--------+--------+-----+--------+
         Total |   3346 |   3317 |     29 |   1666 |   1125 |   3 | 1115.3 |
       Dungeon |   3346 |   3317 |     29 |   1666 |   1125 |   3 | 1115.3 |
               +--------+--------+--------+--------+--------+-----+--------+

Top non-repeatable levels by time:
     D:1: 2237 daAuts
     D:4: 814 daAuts
     D:2: 294 daAuts
